AoeStats
← roberts194

Four Lakes

509117731Analyzed
1v1 RM · 6d ago on Sep 25, 2026· 30m 24s· 2 players
Game mode
Random Map
Map size
Tiny (2 player)
Population
200
Speed
Normal
Resources
Standard
Victory
Conquest
Starting age
Dark Age
Ending age
Imperial Age
RankedLock teamsTeams togetherTeam positionsShared explorationLock speedFull tech treeHidden civsTurbo modeCheats
Victory
Defeat
🇬🇧 Celts · United Kingdom
841
+16
🇵🇹 Spanish · Portugal
838
-16
KUYARZERA
11:31 Feudal Age
12:32 Loom
15:34 Castle Age
13:33 Double-Bit Axe
15:13 Horse Collar
16:37 Bow Saw
16:49 Heavy Plow
19:35 Fletching
23:08 Bodkin Arrow
26:57 Gold Mining
27:14 Fishing Lines
roberts194
0:41 Loom
10:35 Feudal Age
15:15 Castle Age
13:02 Town Watch
13:56 Double-Bit Axe
28:29 Imperial Age
26:51 Stronghold
26:58 Fletching
26:57 Fishing Lines
28:14 Wheelbarrow
Connection lost

Rejoining the realm…

Still unreachable

The connection could not be restored.

Session expired

The server has moved on; the page needs a fresh start.